 Dungeon Sprint DCSS version 0.24.1-4-ge52af88ad5 (webtiles) character file.

Game seed: 2236167983475212688, levelgen mode: deterministic

346 Doot the Thaumaturge (level 6, -2/33 HPs)
             Began as a Deep Elf Wizard on Apr 20, 2020.
             Was a Priest of Vehumet.
             Slain by a deep elf mage
             ... wielding a +0 rapier
              (6 damage)
             ... in the Dungeon (Sprint VII: "The Pits").
             The game lasted 00:03:18 (451 turns).

Doot the Thaumaturge (Deep Elf Wizard)               Turns: 451, Time: 00:03:19

Health: -2/33      AC:  2    Str:  4    XL:     6   Next: 32%
Magic:  8/25       EV: 15    Int: 25    God:    Vehumet [***...]
Gold:   0          SH:  0    Dex: 13    Spells: 24/33 levels left

rFire    . . .     SeeInvis .   o - staff of energy
rCold    . . .     Gourm    .   (no shield)
rNeg     . . .     Faith    .   a - +0 robe
rPois    .         Spirit   .   b - +0 hat
rElec    .         Reflect  .   (no cloak)
rCorr    .         Harm     .   (no gloves)
MR       .....     NoTele   +   (no boots)
Stlth    +++.......             (no amulet)
HPRegen  0.11/turn              (no ring)
MPRegen  0.19/turn              (no ring)

@: very slightly contaminated, invisible
A: no striking features
a: Renounce Religion


You were in the Dungeon.
You worshipped Vehumet.
Vehumet was most pleased with you.
You were not hungry.

You visited 1 branch

Inventory:

Hand Weapons
 r - a +2 long sword of holy wrath
Armour
 a - a +0 robe (worn)
 b - a +0 hat (worn)
 q - a +3 ring mail
Magical Staves
 o - an uncursed staff of energy (weapon)
Scrolls
 j - a scroll of blinking
 l - 3 scrolls of remove curse
 m - 5 scrolls of amnesia
 p - 2 scrolls of vulnerability
Potions
 e - 6 potions of curing
 f - 5 potions of heal wounds
 g - a potion of haste
 h - 4 potions of magic
 i - 2 potions of berserk rage
 k - a potion of invisibility
Comestibles
 c - a chunk of flesh
 d - 9 rations


   Skills:
 + Level 0.5 Fighting
 + Level 6.3 Dodging
 + Level 5.6 Stealth
 + Level 14.0 Spellcasting
 + Level 4.8 Conjurations
   Level 1.1 Summonings
 + Level 1.1 Translocations
 + Level 1.3 Fire Magic
 + Level 0.5 Air Magic
 + Level 1.4 Poison Magic


You had 24 spell levels left.
You knew the following spells:

 Your Spells              Type           Power        Failure   Level  Hunger
a - Magic Dart            Conj           ####         1%          1    None
b - Blink                 Tloc           N/A          3%          2    None
d - Conjure Flame         Conj/Fire      ####....     1%          3    None
e - Mephitic Cloud        Conj/Pois/Air  ####....     1%          3    None

Your spell library contained the following spells:

 Spells                   Type           Power        Failure   Level  Hunger
 Freeze                   Ice            ###.         1%          1    None
 Call Imp                 Summ           ###.....     3%          2    None
 Slow                     Hex            ###.....     4%          2    None


Dungeon Overview and Level Annotations

Branches:
Dungeon (1/1)

Altars:
Ashenzari
Cheibriados
Dithmenos
Elyvilon
Fedhas
Gozag
Hepliaklqana
Kikubaaqudgha
Makhleb
Nemelex Xobeh
Okawaru
Qazlal
Ru
Sif Muna
Trog
Uskayaw
Vehumet
Wu Jian
Xom
Yredelemnul
Zin
The Shining One
Beogh
Jiyva
Lugonu

Annotations:
D Grinder


Message History

Aim: a deep elf mage, wielding a +0 rapier (moderately wounded, confused)
The magic dart hits the deep elf mage!
The deep elf mage is heavily wounded.
Casting: Magic Dart (safe; 1% risk of failure)
Confirm with . or Enter, or press ? or * to list all spells.
Aiming: Magic Dart (safe; 1% risk of failure)
Press: ? - help, Shift-Dir - straight line, f/p - deep elf mage
Aim: a deep elf mage, wielding a +0 rapier (heavily wounded, confused, hasn't noticed you)
The magic dart hits the deep elf mage.
The deep elf mage is heavily wounded.
Casting: Magic Dart (safe; 1% risk of failure)
Confirm with . or Enter, or press ? or * to list all spells.
Aiming: Magic Dart (safe; 1% risk of failure)
Press: ? - help, Shift-Dir - straight line, f/p - deep elf mage
Aim: a deep elf mage, wielding a +0 rapier (heavily wounded, confused)
The magic dart hits the deep elf mage.
The deep elf mage is severely wounded.
The ice beast closely misses you.
The deep elf mage hits you with a +0 rapier.
You die...

#Ke..Y......'..............
#5#####e#####......#..#....
#.#..#..#..##..............
#K#..÷Y.'..#####'#####++###
#5##'####+###.......# ++#
#.#..††....##.......# ....
#.#........##.......# ...5#
#.#####Y#####...<...# ..k##
#.#....)Ke@##.......# ..##
#e#...)°○Y.##.......# ..#
#'###########.......#
#e...F..# #########
#Kl#5#.l# #.## # #.. #.#
#..


You could see a deep elf mage (confused), 2 ice beasts and a kobold.

Vanquished Creatures
  A flying skull (D)
  A floating eye (D)
  A bullfrog (D)
  2 river rats (D)
  A leopard gecko (D)
  2 ball pythons (D)
  2 quokkas (D)
  A frilled lizard (D)
  A rat (D)
12 creatures vanquished.

Notes
Turn   | Place    | Note
-------+----------+-------------------------------------------
     0 | D        | Doot the Deep Elf Wizard began the quest for the Orb.
     0 | D        | Reached XP level 1. HP: 10/10 MP: 7/7
    10 | D        | Noticed a quasit
    10 | D        | Noticed a lindwurm
    25 | D        | Found a bloodstained altar of Trog.
    25 | D        | Found a shimmering blue altar of Sif Muna.
    25 | D        | Found a viscous altar of Jiyva.
    25 | D        | Found a hazy altar of Hepliaklqana.
    25 | D        | Found an opulent altar of Gozag.
    26 | D        | Found a glowing golden altar of the Shining One.
    26 | D        | Found a glowing silver altar of Zin.
    26 | D        | Found a basalt altar of Yredelemnul.
    26 | D        | Found a shimmering altar of Xom.
    26 | D        | Found an ornate altar of the Wu Jian Council.
    26 | D        | Found a sacrificial altar of Ru.
    26 | D        | Found a stormy altar of Qazlal.
    26 | D        | Found an iron altar of Okawaru.
    26 | D        | Found a sparkling altar of Nemelex Xobeh.
    26 | D        | Found a burning altar of Makhleb.
    26 | D        | Found a blossoming altar of Fedhas.
    26 | D        | Found a white marble altar of Elyvilon.
    26 | D        | Found a shadowy altar of Dithmenos.
    26 | D        | Found a snail-covered altar of Cheibriados.
    27 | D        | Found a radiant altar of Vehumet.
    27 | D        | Found a corrupted altar of Lugonu.
    27 | D        | Found a roughly hewn altar of Beogh.
    28 | D        | Found a hide-covered altar of Uskayaw.
    28 | D        | Found an ancient bone altar of Kikubaaqudgha.
    28 | D        | Found a shattered altar of Ashenzari.
    35 | D        | Became a worshipper of Vehumet
    37 | D        | Reached skill level 5 in Spellcasting
   126 | D        | Noticed a floating eye
   131 | D        | Paralysed by a floating eye for 3 turns
   136 | D        | Killed a floating eye
   136 | D        | Reached * piety under Vehumet
   136 | D        | Offered knowledge of Flame Tongue by Vehumet.
   136 | D        | Reached skill level 10 in Spellcasting
   136 | D        | Reached XP level 2. HP: 15/15 MP: 3/15
   136 | D        | Reached XP level 3. HP: 19/19 MP: 3/17
   136 | D        | Reached XP level 4. HP: 24/24 MP: 3/18
   262 | D        | Offered knowledge of Freeze by Vehumet.
   271 | D        | Learned a level 2 spell: Blink
   275 | D        | Learned a level 3 spell: Conjure Flame
   280 | D        | Learned a level 3 spell: Mephitic Cloud
   285 | D        | Reached ** piety under Vehumet
   285 | D        | Reached skill level 11 in Spellcasting
   292 | D        | Reached skill level 5 in Dodging
   387 | D        | Noticed a bullfrog
   387 | D        | Noticed a flying skull
   387 | D        | Noticed Grinder
   391 | D        | Noticed a deep elf mage
   403 | D        | Killed a flying skull
   403 | D        | Reached *** piety under Vehumet
   403 | D        | Reached skill level 5 in Stealth
   403 | D        | Reached skill level 13 in Spellcasting
   403 | D        | Reached skill level 1 in Fire Magic
   403 | D        | Reached skill level 1 in Poison Magic
   403 | D        | Reached XP level 5. HP: 24/28 MP: 9/22
   403 | D        | Reached XP level 6. HP: 28/32 MP: 9/24
   420 | D        | Reached skill level 14 in Spellcasting
   421 | D        | Noticed an ice beast
   421 | D        | Noticed an ice beast
   451 | D        | Slain by a deep elf mage

Levels and vault maps discovered:
D:        pitsprint [storerooms_1, entrance_room_1, metal_vault_6, armoury_1,
          mini_pit_1, grid_room_1, main_hall_1, silver_pit, the_coven_2,
          the_vestibule_1, steel_vault_2, golden_pit, hallway_of_sentries,
          crystal_vault_2, iron_vault_1, final_vault]

Skill      XL: |  1  2  3  4  5  6 |
---------------+-------------------+-----
Spellcasting   | 10 13 14 | 14.0
Dodging        | 4 6 |  6.3
Stealth        | 4 5 |  5.6
Conjurations   | 4 |  4.8
Fire Magic     | 1 |  1.3
Poison Magic   | 1 |  1.4
Fighting       | |  0.5
Summonings     | |  1.1
Translocations | |  1.1
Air Magic      | |  0.5

Action                   |  1- 3 |  4- 6 || total
-------------------------+-------+-------++-------
Melee: Staff             |       |     3 ||     3
 Cast: Magic Dart        |     8 |    30 ||    38
       Mephitic Cloud    |       |     3 ||     3
       Conjure Flame     |       |     2 ||     2
  Use: Potion            |       |     3 ||     3
       Scroll            |       |     1 ||     1
Armor: Robe              |       |     1 ||     1
Dodge: Dodged            |     1 |    24 ||    25
